 Dungeon Crawl Stone Soup version 0.31-a0-187-gba352fbbf7 (webtiles) character file.

Game seed: 14836540220820941452

144 qw the Skirmisher (level 5, -8/29 HPs)
             Began as a Deep Elf Hunter on June 22, 2023.
             Killed by nerve-wracking pain
             ... invoked by Grinder
              (12 damage)
             ... on level 3 of the Dungeon.
             The game lasted 00:00:46 (2229 turns).

qw the Skirmisher (Deep Elf Hunter)                 Turns: 2229, Time: 00:00:47

Health: -8/29      AC:  8    Str: 10    XL:     5   Next: 5%
Magic:  7/7        EV: 11    Int: 14    God:
Gold:   125        SH:  0    Dex: 18    Spells: 4/4 levels left

rFire   . . .        Y - +0 shortbow
rCold   . . .        (shield currently unavailable)
rNeg    . . .        d - +0 ring mail
rPois   .            c - +2 helmet
rElec   .            (no cloak)
rCorr   .            (no gloves)
SInv    .            (no boots)
Will    +....        (no amulet)
Stlth   +            f - ring of willpower
HPRegen 0.24/turn    (no ring)
MPRegen 0.10/turn

%: no passive effects
@: about to teleport
A: no striking features
a: no special abilities


You were on level 3 of the Dungeon.
You visited 1 branch of the dungeon, and saw 3 of its levels.

You collected 125 gold pieces.


   Skills:
 - Level 1.5 Fighting
 + Level 8.4 Ranged Weapons
 - Level 2.4 Dodging
 - Level 1.2 Stealth


You had 4 spell levels left.
You didn't know any spells.
Your spell library was empty.

Inventory:

Hand Weapons
 Y - a +0 shortbow (weapon)
Armour
 c - a +2 helmet (worn)
 d - a +0 ring mail (worn)
 h - a +0 pair of boots
Jewellery
 f - a ring of willpower (left hand)
Scrolls
 a - a scroll of identify {unknown}
 i - a scroll of poison {unknown}
Potions
 b - a potion of berserk rage {unknown}
 g - a potion of mutation {unknown}

Dungeon Overview and Level Annotations

Branches:
Dungeon (3/15)

Altars:
Gozag

Shops:
D:3 :

Annotations:
D:3 Grinder


Message History

There is an open door here.
Enter note:
Enter note:
Enter note:
Enter note:
Enter note:
Enter note:
Enter note:
Enter note:
Enter note: You shoot an arrow.
The arrow hits Grinder!
Grinder is moderately wounded.
Grinder zaps a wand.
The puff of flame hits you but does no damage.
You shoot an arrow. The arrow hits Grinder.
Grinder is moderately wounded.
You shoot an arrow. The arrow hits Grinder.
Grinder is moderately wounded.
You shoot an arrow. The arrow hits Grinder!
Grinder is severely wounded.
You shoot an arrow. The arrow hits Grinder.
Grinder is severely wounded.
Grinder closely misses you.
You shoot an arrow. The arrow closely misses Grinder.
Grinder hits you!
You writhe in agony.
You shoot an arrow. The arrow hits Grinder!
Grinder is almost dead.
Grinder hits you.
You writhe in agony.
You shoot an arrow.
The arrow hits Grinder but does no damage.
Grinder is almost dead.
Grinder hits you.
You writhe in agony.
Grinder gestures at you. You resist with almost no effort.
2229 ||| READING scroll of teleportation.
As you read the scroll of teleportation, it crumbles to dust.
You feel strangely unstable. Grinder gestures at you.
Pain shoots through your body!
You die...

##### #...# #...##
#....# #### #....#
#...##########....###
+..?@........'.......
#..5##########...####
#... ##### # #... #
#... # #... #....#
#### ## #....#
##########. ##....#
#..........


You could see Grinder.

Vanquished Creatures
  A scorpion (D:3)
  2 adders (D:2)
  A worm (D:3)
  A dart slug (D:3)
  6 orcs (D:3)
  10 bats
  5 endoplasms
  A giant cockroach (D:3)
  A goblin (D:1)
  6 hobgoblins
  3 jackals (D:3)
  2 quokkas
  6 ball pythons
  5 frilled lizards
  4 kobolds
  5 rats
59 creatures vanquished.

Notes
Turn   | Place    | Note
-------+----------+-------------------------------------------
     0 | D:1      | qw the Deep Elf Hunter began the quest for the Orb.
     0 | D:1      | Reached XP level 1. HP: 12/12 MP: 3/3
     0 | D:1      | 0 ||| qw: Version: 0.3-a-9-g12657ce
     0 | D:1      | 0 ||| qw: Game counter: 2295
     0 | D:1      | 0 ||| qw: Always use a shield: true
     0 | D:1      | 0 ||| qw: God list: Okawaru
     0 | D:1      | 0 ||| qw: Allow faded altars: false
     0 | D:1      | 0 ||| qw: Do Orc after D:15 true
     0 | D:1      | 0 ||| qw: Do second Lair branch before Depths: true
     0 | D:1      | 0 ||| qw: Lair rune preference: random
     0 | D:1      | 0 ||| qw: Plans: Normal
     0 | D:1      | 0 ||| PLANNING D:1-11
   306 | D:1      | Reached skill level 6 in Ranged Weapons
   306 | D:1      | Reached XP level 2. HP: 16/16 MP: 4/4
   756 | D:1      | 756 ||| UPGRADING to +0 ring mail.
   766 | D:1      | 766 ||| DROPPING +0 leather armour.
   767 | D:1      | 767 ||| UPGRADING to ring of willpower.
   768 | D:1      | 768 ||| READING 2 scrolls labelled DIGOWN URHYINA.
   772 | D:1      | 772 ||| READING scroll labelled YZED ZAPOAJE.
   803 | D:1      | 803 ||| DROPPING scroll of butterflies.
   830 | D:2      | HP: 4/16 [adder (3)]
   831 | D:2      | 831 ||| READING scroll of teleportation.
   833 | D:2      | Reached XP level 3. HP: 5/20 MP: 5/5
  1012 | D:2      | Reached skill level 7 in Ranged Weapons
  1199 | D:2      | Found a faded altar of an unknown god.
  1461 | D:2      | 1461 ||| DROPPING +0 robe of cold resistance.
  1462 | D:2      | 1462 ||| UPGRADING to +2 helmet.
  1467 | D:2      | 1467 ||| READING scroll labelled WIN QUTADUM.
  1557 | D:3      | Reached XP level 4. HP: 25/25 MP: 6/6
  1625 | D:3      | Found Laamuimus's Book Shoppe.
  1625 | D:3      | Noticed a scorpion
  1630 | D:3      | Killed a scorpion
  1631 | D:3      | Reached skill level 8 in Ranged Weapons
  1943 | D:3      | Found an opulent altar of Gozag.
  2034 | D:3      | Reached XP level 5. HP: 29/29 MP: 7/7
  2220 | D:3      | Noticed Grinder
  2228 | D:3      | HP: 7/29 [Grinder (1)]
  2229 | D:3      | 2229 ||| READING scroll of teleportation.
  2229 | D:3      | Killed from afar by Grinder

Levels and vault maps discovered:
D:1:      dpeg_arrival_simpleton_b, layout_basic
D:2:      layout_basic, dilly_ecumenical_altar_fadedgnrine, kennysheep_path_1
D:3:      layout_basic, mainiacjoe_overflow_catwalk, serial_shops,
          nicolae_book_shop_shelving, uniq_grinder

Skill      XL: |  1  2  3  4 |
---------------+-------------+-----
Ranged Weapons | 6 7 8 |  8.4
Fighting       | |  1.5
Dodging        | |  2.4
Stealth        | |  1.2

Action                     |  1- 3 |  4- 6 || total
---------------------------+-------+-------++-------
   Fire: Shortbow          |   128 |    48 ||   176
    Use: Scroll            |     4 |     1 ||     5
 Armour: Leather armour    |     1 |       ||     1
         Ring mail         |    19 |     5 ||    24
  Dodge: Dodged            |    34 |    11 ||    45

Table legend:
 A = Non-vault XP
 B = Vault XP
 C = Vault XP percentage of total XP
 D = Non-vault monster count
 E = Vault monster count
 F = Vault count percentage of total count
                 A         B        C        D         E       F
            +---------+---------+-------+---------+---------+-------
      Total |     207 |       0 |   0.0 |      59 |       0 |   0.0
            +---------+---------+-------+---------+---------+-------
        D:1 |      28 |       0 |   0.0 |      18 |       0 |   0.0
        D:2 |      57 |       0 |   0.0 |      22 |       0 |   0.0
        D:3 |     122 |       0 |   0.0 |      19 |       0 |   0.0
            +---------+---------+-------+---------+---------+-------
